 Dungeon Crawl Stone Soup version 0.28.0 (webtiles) character file.

Game seed: 14681007787601177635

1176 danielguo94 the Cudgeller (level 8, -11/49 HPs)
             Began as a Gargoyle Fighter on Feb 8, 2022.
             Was a Follower of Zin.
             Mangled by Duvessa (17 damage)
             ... on level 5 of the Dungeon.
             The game lasted 00:06:55 (5280 turns).

danielguo94 the Cudgeller (Gargoyle Fighter)        Turns: 5280, Time: 00:06:56

Health: -11/49     AC: 17    Str: 23    XL:     8   Next: 41%
Magic:  8/8        EV:  8    Int:  8    God:    Zin [*.....]
Gold:   229        SH:  4    Dex:  9    Spells: 7/7 levels left

rFire   . . .      SeeInvis .   r - +1 morningstar
rCold   . . .      Faith    .   c - +0 buckler
rNeg    + . .      Spirit   .   s - +0 chain mail
rPois   ∞          Reflect  .   (no helmet)
rElec   +          Harm     .   i - +1 cloak
rCorr   .          Rampage  .   (no gloves)
Will    .....                   (no boots)
Stlth   ..........              (no amulet)
HPRegen 0.16/turn               (no ring)
MPRegen 0.11/turn               (no ring)

@: weak-willed, attractive
A: sickness immunity, AC +5, negative energy resistance 1, electricity
resistance, torment resistance 1, petrification resistance
a: Renounce Religion, Recite, Donate Gold


You were on level 5 of the Dungeon.
You worshipped Zin.
Zin was aware of your devotion.
You visited 1 branch of the dungeon, and saw 5 of its levels.

You collected 254 gold pieces.
You donated 25 gold pieces to Zin.

Inventory:

Hand Weapons
 a - a +0 flail
 r - a +1 morningstar (weapon)
Missiles
 b - 4 silver boomerangs
 e - 115 stones (quivered)
 k - 6 poisoned darts
 o - 4 boomerangs
 y - a throwing net
Armour
 c - a +0 buckler (worn)
 i - a +1 cloak (worn)
 s - a +0 chain mail (worn)
Scrolls
 d - a scroll of enchant armour
 f - a scroll of immolation
Potions
 h - a potion of berserk rage {unknown}
 j - a potion of invisibility {unknown}
 m - a potion of curing
 n - 2 potions of lignification
 p - a potion of brilliance {unknown}
 q - a potion of resistance {unknown}
 t - a potion of haste {unknown}
 u - a potion of attraction
 w - a potion of heal wounds {unknown}


   Skills:
 + Level 5.1 Fighting
 * Level 7.8 Maces & Flails
 + Level 5.4 Armour
 + Level 1.3 Dodging
 + Level 4.1 Shields
 + Level 0.1 Evocations


You had 7 spell levels left.
You didn't know any spells.
Your spell library was empty.

Dungeon Overview and Level Annotations

Branches:
Dungeon (5/15)
 Temple: D:4-7

Altars:
Ashenzari
Elyvilon
Makhleb
Nemelex Xobeh
Qazlal
Ru
Trog
Wu Jian
Xom
Zin

Annotations:
D:5 Duvessa


Innate Abilities, Weirdness & Mutations

You are immune to sickness and miasma.
Your stone body is resilient. (AC +5)
You are immune to poison.
You resist negative energy. (rN+)
You are resistant to electric shocks. (rElec)
You are resistant to unholy torment.
You are immune to petrification.


Message History

You closely miss Duvessa. Duvessa barely misses you.
Duvessa hits you with a +2 falchion of electrocution.
Unknown command.
The scorpion is attracted toward you. The orc is attracted toward you.
Duvessa hits you with a +2 falchion of electrocution!
* * * LOW HITPOINT WARNING * * *
The howler monkey is attracted toward you.
Okay, then.
Unknown command.
As you read the scroll labelled URARODACOU, it crumbles to dust.
The scroll dissolves into smoke.
It was a scroll of fog.
Duvessa barely misses you. Duvessa hits you but does no damage.
As you read the scroll labelled HIAMAOHESIA, it crumbles to dust.
You assume a fearsome visage.
Duvessa is unaffected.
The scorpion looks frightened!
It was a scroll of fear.
Duvessa hits you with a +2 falchion of electrocution!
Zin protects you from harm!
Duvessa hits you with a +2 falchion of electrocution!
Zin protects you from harm!
As you read the scroll labelled WUOHAETWAHY, it crumbles to dust.
It is a scroll of enchant weapon.
Your +0 morningstar glows red for a moment.
You block Duvessa's attack.
Duvessa hits you with a +2 falchion of electrocution!
Zin protects you from harm!
As you read the scroll labelled AKIEKL RETALE, it crumbles to dust.
Magic quickly surges around you.
It was a scroll of vulnerability.
Duvessa hits you but does no damage.
Okay, then.
Unknown command.
You hit Duvessa.
Duvessa is lightly wounded.
Duvessa barely misses you.
Duvessa hits you with a +2 falchion of electrocution!
Zin protects you from harm!
You hit Duvessa but do no damage.
Duvessa is lightly wounded.
Duvessa hits you but does no damage.
Duvessa hits you with a +2 falchion of electrocution!
You die...

.........##...#
......
########....§§#
###### #
#.####h# # #.#
#o# ########.#
#.# ......##.#
#§####
#####.##.#
#§§so# #.##.#
####e# #....#
#@# ###### #§#
#§# .# .# .#


You could see Duvessa (berserk, weak-willed), a scorpion and an orc
(weak-willed).

Vanquished Creatures
  Menkaure (D:5)
  2 ice beasts
  A sky beast (D:4)
  A phantom (D:5)
  A gnoll sergeant (D:4)
  A water moccasin zombie (D:5)
  Dowan (D:5)
  A howler monkey (D:4)
  2 orc priests
  A hound (D:4)
  A jelly (D:4)
  3 bullfrog skeletons
  An iguana (D:3)
  An orc wizard (D:3)
  8 gnolls (D:4)
  9 adders
  An ufetubus (D:5)
  A worm (D:2)
  4 dart slugs
  13 orcs
  8 ball pythons
  6 endoplasms
  5 giant cockroaches
  4 goblins
  4 hobgoblins
  2 kobolds
  A quokka (D:1)
  7 bats
  3 frilled lizards
  4 rats
98 creatures vanquished.

Notes
Turn   | Place    | Note
-------+----------+-------------------------------------------
     0 | D:1      | danielguo94 the Gargoyle Fighter began the quest for the
                  | Orb.
     0 | D:1      | Reached XP level 1. HP: 14/14 MP: 1/1
   156 | D:1      | Found a faded altar of an unknown god.
   206 | D:1      | Reached XP level 2. HP: 19/19 MP: 2/2
   800 | D:1      | Reached XP level 3. HP: 21/23 MP: 3/3
  1210 | D:2      | Reached skill level 3 in Maces & Flails
  1355 | D:2      | Reached XP level 4. HP: 19/29 MP: 4/4
  1847 | D:2      | Reached XP level 5. HP: 33/33 MP: 5/5
  2036 | D:3      | Reached skill level 4 in Maces & Flails
  2852 | D:4      | Reached XP level 6. HP: 33/38 MP: 6/6
  2929 | D:4      | Reached skill level 5 in Maces & Flails
  3337 | D:4      | Found a shimmering altar of Xom.
  3338 | D:4      | Found a burning altar of Makhleb.
  3340 | D:4      | Found a white marble altar of Elyvilon.
  3340 | D:4      | Found an ornate altar of the Wu Jian Council.
  3342 | D:4      | Found a sparkling altar of Nemelex Xobeh.
  3342 | D:4      | Found a glowing silver altar of Zin.
  3351 | D:4      | Found a stormy altar of Qazlal.
  3358 | D:4      | Became a worshipper of Zin the Law-Giver
  3358 | D:4      | Reached * piety under Zin
  3580 | D:4      | Found a sacrificial altar of Ru.
  3587 | D:4      | Found a broken altar of Ashenzari.
  3633 | D:5      | Entered Level 5 of the Dungeon
  3633 | D:5      | Noticed Menkaure
  3946 | D:5      | Noticed Dowan
  4080 | D:4      | Reached XP level 7. HP: 11/44 MP: 7/7
  4579 | D:5      | Killed Dowan
  4580 | D:5      | Reached skill level 6 in Maces & Flails
  4733 | D:4      | Reached skill level 5 in Armour
  4811 | D:5      | Reached skill level 1 in Dodging
  4964 | D:4      | Reached skill level 7 in Maces & Flails
  4964 | D:4      | Reached XP level 8. HP: 43/48 MP: 8/8
  5002 | D:5      | Killed Menkaure
  5003 | D:5      | Reached skill level 5 in Fighting
  5047 | D:5      | Found a bloodstained altar of Trog.
  5136 | D:5      | Noticed Duvessa
  5275 | D:5      | Zin protects you from harm!
  5275 | D:5      | Zin protects you from harm!
  5277 | D:5      | Zin protects you from harm!
  5279 | D:5      | Zin protects you from harm!
  5280 | D:5      | Mangled by Duvessa

Illustrated notes

Levels and vault maps discovered:
D:1:      lemuel_arrival_room, layout_basic, shapermc_ecumenical_altar_ellora
D:2:      layout_rooms, st_stairs_2
D:3:      layout_basic
D:4:      cheibrodos_quashed, layout_cave_pools, grunt_temple_overflow_open,
          amethyst_overflow_temple_binary
D:5:      layout_basic, mainiacjoe_overflow_tiny_flanked,
          chequers_temple_overflow_statue_of_worship,
          minmay_temple_entry_statues_pillars, uniq_duvessa, uniq_menkaure

Skill      XL: |  1  2  3  4  5  6  7  8 |
---------------+-------------------------+-----
Maces & Flails | 3 4 5 7 |  7.8
Armour         | 4 5 |  5.4
Fighting       | 4 5 |  5.1
Dodging        | 1 |  1.3
Shields        | 4 |  4.1
Evocations     | |  0.1

Action                   |  1- 3 |  4- 6 |  7- 9 || total
-------------------------+-------+-------+-------++-------
Melee: Flail             |    99 |   107 |       ||   206
       Morningstar       |       |   139 |   109 ||   248
Evoke: Wand              |       |       |     7 ||     7
  Use: Potion            |       |     2 |     1 ||     3
       Scroll            |       |     3 |     5 ||     8
 Stab: Paralysed         |       |       |     5 ||     5
Armor: Scale mail        |    74 |    81 |       ||   155
       Chain mail        |       |    99 |    74 ||   173
Dodge: Dodged            |    51 |   102 |    40 ||   193
Block: Buckler           |    15 |    55 |    29 ||    99
